 Dungeon Crawl Stone Soup version 0.32-a0-876-gcfddb08e57 (webtiles) character file.

Game seed: 8737855434252800811

1595 Lanoc the Carver (level 8, 0/64 HPs)
             Began as a Coglin Gladiator on Apr 1, 2024.
             Was a Priest of Beogh.
             Killed by divine providence
             ... invoked by Wulfoc the orc apostle
              (17 damage)
             ... on level 6 of the Dungeon.
             The game lasted 00:05:06 (4410 turns).

Lanoc the Carver (Coglin Gladiator)                 Turns: 4410, Time: 00:05:07

Health: 0/64       AC:  5    Str: 15    XL:     8   Next: 93%
Magic:  8/8        EV: 14    Int:  7    God:    Beogh [***...]
Gold:   375        SH:  0    Dex: 21    Spells: 7/7 levels left

rFire   . . .        a - +0 long sword {Ekveer}
rCold   . . .        p - +5 trident "Hashitwa" {drain, Dex+3}
rNeg    . . .        b - +0 leather armour
rPois   .            c - +0 helmet
rElec   .            A - +0 cloak
rCorr   .            (no gloves)
SInv    .            (no boots)
Will    .....        (amulet unavailable)
Stlth   ++           (ring unavailable)
HPRegen 0.30/turn    (ring unavailable)
MPRegen 0.11/turn    (no gizmo)

%: no passive effects
@: lethally poisoned (0 -> -2), attractive, revving
A: off-hand wielding, slow wielding, warmup strikes, no jewellery
a: Invent Gizmo, Renounce Religion, Smiting


You were on level 6 of the Dungeon.
You worshipped Beogh.
Beogh was most pleased with you.
You visited 2 branches of the dungeon, and saw 7 of its levels.

You collected 375 gold pieces.

Inventory:

Hand Weapons
 a - a +0 long sword (weapon) {Ekveer}
 p - the +5 trident "Hashitwa" (offhand) {drain, Dex+3}
   (You found it on level 2 of the Dungeon)

   Dex+3:     It affects your dexterity (+3).
Missiles
 e - a javelin
Armour
 b - a +0 leather armour (worn)
 c - a +0 helmet (worn)
 A - a +0 cloak (worn)
Wands
 t - a wand of polymorph (21)
Scrolls
 f - a scroll of butterflies {unknown}
 g - 2 scrolls of blinking {unknown}
 h - 2 scrolls of amnesia {unknown}
 j - a scroll of fear {unknown}
 m - a scroll of revelation {unknown}
 n - a scroll of torment {unknown}
 o - 8 scrolls of identify {unknown}
 r - 3 scrolls of teleportation {unknown}
 s - 4 scrolls of enchant armour {unknown}
 y - a scroll of fog {unknown}
 B - a scroll of vulnerability {unknown}
 C - 3 scrolls of brand weapon {unknown}
 D - a scroll of enchant weapon {unknown}
 E - 2 scrolls of poison {unknown}
Potions
 i - a potion of degeneration {unknown}
 k - a potion of experience {unknown}
 l - a potion of might {unknown}
 q - a potion of attraction
 u - 3 potions of curing {unknown}
 v - 2 potions of resistance {unknown}
 w - a potion of brilliance {unknown}
 x - 2 potions of cancellation {unknown}
 z - a potion of enlightenment {unknown}


   Skills:
 + Level 5.7 Fighting
 * Level 8.3 Long Blades
 - Level 1.7 Throwing
 + Level 5.6 Dodging


You had 7 spell levels left.
You didn't know any spells.
Your spell library contained the following spells:

 Spells                   Type           Power      Damage    Failure   Level
 Dazzling Flash           Conj/Hex       0%         N/A       86%         3
 Passwall                 Erth           0%         N/A       86%         3
 Volatile Blastmotes      Fire/Tloc      0%         2d10      86%         3
 Vhi's Electric Charge    Tloc/Air       0%         N/A       99%         4
 Bombard                  Conj/Erth      0%         9d1       100%        6
 Starburst                Conj/Fire      0%         6d3       100%        6
 Maxwell's Capacitive Co  Air            0%         ∞         100%        8


Dungeon Overview and Level Annotations

Branches:
Dungeon (6/15)             Temple (1/1) D:5

Altars:
Ashenzari
Dithmenos
Elyvilon
Fedhas
Gozag
Kikubaaqudgha
Okawaru
Qazlal
Ru
Sif Muna
Trog
Uskayaw
Vehumet
Wu Jian
Xom
Yredelemnul
The Shining One
Beogh


Innate Abilities, Weirdness & Mutations

Your facial features look somewhat orcish.
You can wield a second weapon in your off-hand.
It takes a long time for you to wield or remove held weapons.
Your first few attacks do less damage.
You cannot equip rings or amulets.


Message History

Aim: Wulfoc the orc apostle, wielding a +4 flail of protection and wearing a +3 leather armour (empowered by the touch of Beogh, 51% to hit)
You throw a throwing net. The throwing net barely misses Wulfoc.
The throwing net hits the scorpion.
The scorpion is caught in the net!
You feel sick. The scorpion closely misses you.
The scorpion struggles against the net.
The scorpion stings you but does no damage.
You puncture Wulfoc with the +5 trident "Hashitwa"!
You drain Wulfoc.
Wulfoc is moderately wounded.
You miss Wulfoc with your +0 long sword.
You feel sick.
Wulfoc mumbles some strange prayers to Beogh.
The scorpion completely misses you. The scorpion closely misses you.
The scorpion struggles against the net.
Wulfoc calls down the wrath of Beogh upon you.
Beogh smites you!
You hit Wulfoc but do no damage. You drain Wulfoc.
Wulfoc is moderately wounded.
You hit Wulfoc with your +0 long sword.
You feel sick. The scorpion closely misses you. The scorpion stings you.
The scorpion struggles against the net.
The scorpion stings you but does no damage.
Wulfoc mumbles some strange prayers to Beogh against you.
Beogh smites you!
* * * LOW HITPOINT WARNING * * *
The scorpion barely misses you.
The scorpion stings you but does no damage.
The scorpion struggles against the net.
It was a potion of attraction.
You feel attractive to monsters.
You feel sick.
The scorpion stings you but does no damage.
The scorpion completely misses you. The scorpion closely misses you.
The scorpion struggles against the net.
The net rips apart, and the scorpion comes free!
Wulfoc calls down the wrath of Beogh upon you.
Beogh smites you!
You die...
Beogh appreciates Wulfoc's killing of a heretic priest.

#.# #.##.# #.# ##.##.#
#.###...#.#
#.##.###..# #.#.##
##.# .######.#.# #.#
..........## ##.#
..##########.##<###.##
....sso@s..........##
.....ss.s....#######
##############


You could see Wulfoc the orc apostle (drained, divinely empowered) and 6
scorpions.

Vanquished Creatures
  Prince Ribbit (D:5)
  Sigmund (D:5)
  Eustachio (D:4)
  A steam dragon (D:5)
  Menkaure (D:5)
  2 black bears
  An ice beast (D:6)
  An ogre (D:4)
  A scorpion (D:4)
  Crazy Yiuf (D:3)
  3 bombardier beetles
  A sleepcap (D:5)
  3 iguanas
  Ijyb (D:3)
  An orc wizard (D:3)
  9 adders
  2 dart slugs
  3 ribbon worms
  3 orcs
  10 endoplasms
  3 giant cockroaches
  8 goblins
  9 hobgoblins
  7 kobolds
  7 quokkas
  5 ball pythons
  6 bats
  4 frilled lizards
96 creatures vanquished.

Vanquished Creatures (others)
  A bat (D:3)
1 creature vanquished.

Grand Total: 97 creatures vanquished

Notes
Turn   | Place    | Note
-------+----------+-------------------------------------------
     0 | D:1      | Lanoc the Coglin Gladiator began the quest for the Orb.
     0 | D:1      | Reached XP level 1. HP: 16/16 MP: 1/1
   270 | D:1      | Reached XP level 2. HP: 22/22 MP: 2/2
   803 | D:2      | Noticed a black bear
   817 | D:2      | Reached XP level 3. HP: 13/28 MP: 3/3
   833 | D:2      | Killed a black bear
   834 | D:2      | Reached skill level 4 in Long Blades
   834 | D:2      | Reached XP level 4. HP: 18/35 MP: 4/4
   834 | D:2      | Reached XP level 5. HP: 21/41 MP: 5/5
   929 | D:2      | Identified the +5 trident "Hashitwa" {drain, Dex+3}
   931 | D:2      | Found a faded altar of an unknown god.
   967 | D:2      | Prayed at the altar of an unknown god.
   967 | D:2      | Became a worshipper of Beogh the Shepherd
   967 | D:2      | Reached * piety under Beogh
  1503 | D:3      | Found a sacrificial altar of Ru.
  1506 | D:3      | Noticed Ijyb
  1508 | D:3      | Reached ** piety under Beogh
  1517 | D:3      | Killed Ijyb
  1518 | D:3      | Reached skill level 5 in Long Blades
  1552 | D:3      | Found a radiant altar of Vehumet.
  1557 | D:3      | Reached XP level 6. HP: 47/47 MP: 6/6
  1684 | D:3      | Found a runed translucent door.
  1685 | D:3      | Noticed Crazy Yiuf
  1786 | D:3      | Noticed a +0 dagger
  1787 | D:3      | Noticed a +0 hand axe
  1791 | D:3      | Found a hide-covered altar of Uskayaw.
  2423 | D:3      | Killed Crazy Yiuf
  2455 | D:4      | Noticed a black bear
  2459 | D:4      | Killed a black bear
  2536 | D:4      | Noticed Eustachio
  2562 | D:4      | Killed Eustachio
  2563 | D:4      | Reached skill level 6 in Long Blades
  2563 | D:4      | Reached XP level 7. HP: 47/54 MP: 7/7
  2948 | D:4      | Found a glowing golden altar of the Shining One.
  3156 | D:5      | Entered Level 5 of the Dungeon
  3218 | D:5      | Noticed Menkaure
  3225 | D:5      | Killed Menkaure
  3226 | D:5      | Reached XP level 8. HP: 27/61 MP: 8/8
  3230 | D:5      | Reached skill level 7 in Long Blades
  3375 | D:5      | Noticed Prince Ribbit
  3384 | D:5      | Reached skill level 5 in Dodging
  3389 | D:5      | Killed Prince Ribbit
  3390 | D:5      | Reached skill level 5 in Fighting
  3621 | D:5      | Found an opulent altar of Gozag.
  3636 | D:5      | Found a shimmering blue altar of Sif Muna.
  3765 | D:5      | Found a staircase to the Ecumenical Temple.
  3768 | D:5      | Noticed Sigmund
  3778 | D:5      | Killed Sigmund
  3779 | D:5      | Reached skill level 8 in Long Blades
  3790 | Temple   | Entered the Ecumenical Temple
  3906 | D:5      | Found a white marble altar of Elyvilon.
  3970 | D:5      | Found a basalt altar of Yredelemnul.
  4382 | D:6      | Reached *** piety under Beogh
  4401 | D:6      | Noticed Wulfoc
  4410 | D:6      | Killed from afar by Wulfoc the orc apostle

Illustrated notes

Levels and vault maps discovered:
D:1:      moated_graveyard_arrival, layout_basic, serial_park_tiny_2,
          minmay_misc_feat_four_crosses, columned_hall_lemuel
D:2:      layout_basic, basic_ecumenical_altar
D:3:      layout_basic, dancing_weapons_uskayaw,
          mainiacjoe_overflow_large_starburst, minmay_randomly_rotated_circles,
          uniq_crazy_yiuf_cottage, uniq_ijyb
D:4:      layout_loops_cross, amcnicky_altar_gilded, uniq_eustachio
D:5:      layout_loops_ring, kennysheep_ying_yang, mainiacjoe_overflow_alcove_1,
          nicolae_gozag_seed_capital, minmay_temple_entry_offerings,
          uniq_menkaure, uniq_sigmund, uniq_prince_ribbit1
D:6:      gammafunk_cloud_chamber, layout_loops_ring, zin_angel
Temple:   nicolae_temple_ecumenical_triangle

Skill      XL: |  1  2  3  4  5  6  7  8 |
---------------+-------------------------+-----
Dodging        | 3 4 5 |  5.6
Fighting       | 3 4 5 |  5.7
Long Blades    | 4 5 6 8 |  8.3
Throwing       | |  1.7

Action                     |  1- 3 |  4- 6 |  7- 9 || total
---------------------------+-------+-------+-------++-------
  Melee: Long sword        |    49 |    61 |    44 ||   154
         Dagger            |    48 |     2 |       ||    50
         Trident           |       |   100 |    62 ||   162
  Throw: Throwing net      |     2 |       |     2 ||     4
    Use: Potion            |       |       |     1 ||     1
   Stab: Sleeping          |     1 |     5 |     3 ||     9
         Held in net/web   |     1 |       |       ||     1
 Armour: Leather armour    |    29 |    47 |    25 ||   101
  Dodge: Dodged            |    22 |    63 |    34 ||   119

Table legend: (Time is in decaauts)
 A = Elapsed time spent in this place.
 B = Non-inter-level travel time spent in this place.
 C = Inter-level travel time spent in this place.
 D = Time resting spent in this place.
 E = Time spent auto-exploring this place.
 F = Levels seen in this place.
 G = Mean time per level.
                   A        B        C        D        E       F      G
               +--------+--------+--------+--------+--------+-----+--------+
         Total |   4449 |   4261 |    188 |      0 |   3582 |   7 |  635.6 |
       Dungeon |   4447 |   4259 |    188 |      0 |   3582 |   6 |  741.2 |
        Temple |      1 |      1 |      0 |      0 |      0 |   1 |    1.0 |
               +--------+--------+--------+--------+--------+-----+--------+

Top non-repeatable levels by time:
     D:5: 1070 daAuts
     D:3: 962 daAuts
     D:1: 798 daAuts
     D:2: 718 daAuts
     D:4: 709 daAuts
     D:6: 188 daAuts
  Temple: 1 daAuts
